 Dungeon Crawl Stone Soup version 0.29-a0-483-g69413ace17 (webtiles) character file.

Game seed: 3139826618291285427

1094 oldark the Magician (level 8, -4/58 HPs)
             Began as a Human Monk on May 26, 2022.
             Was a Believer of Sif Muna.
             Killed from afar by Pikel (30 damage)
             ... with a bolt of acid
             ... on level 5 of the Dungeon.
             The game lasted 00:22:35 (6219 turns).

oldark the Magician (Human Monk)                    Turns: 6219, Time: 00:22:36

Health: -4/58      AC:  3    Str: 17    XL:     8   Next: 57%
Magic:  14/16      EV: 13    Int: 14    God:    Sif Muna [**....]
Gold:   136        SH:  0    Dex: 15    Spells: 4/17 levels left

rFire   . . .      SeeInvis .   u - +1 quarterstaff
rCold   . . .      Faith    .   (shield currently unavailable)
rNeg    . . .      Spirit   .   a - +0 robe
rPois   .          Reflect  .   (no helmet)
rElec   .          Harm     .   f - +1 cloak
rCorr   .          Rampage  .   (no gloves)
Will    .....                   g - +2 pair of boots
Stlth   ++........              (no amulet)
HPRegen 0.19/turn               l - +6 ring of strength
MPRegen 0.15/turn               (no ring)

@: corroded
A: no striking features
a: Renounce Religion, Channel Magic


You were on level 5 of the Dungeon.
You worshipped Sif Muna.
Sif Muna was pleased with you.
You visited 2 branches of the dungeon, and saw 6 of its levels.
You also visited: Sewer.

You collected 180 gold pieces.
You spent 44 gold pieces at shops.

Inventory:

Hand Weapons
 u - a +1 quarterstaff (weapon)
 w - the +3 flail of the Equator {vamp, rElec Str-3 Int+9}
   (You found it in a sewer)

   It occasionally heals its wielder for a portion of the damage dealt when it
   wounds a living foe.
   Str:       It affects your strength (-3).
   Int:       It affects your intelligence (+9).
   rElec:     It insulates you from electricity.
 y - the +3 hand axe "Varigek" {drain, rF- rC+ rN+ Stlth+}
   (You found it on level 5 of the Dungeon)

   A truly terrible weapon, it drains the life of any living foe it strikes.
   rF:        It makes you vulnerable to fire.
   rC:        It protects you from cold.
   rN:        It protects you from negative energy.
   Stlth:     It makes you more stealthy.
Missiles
 t - 2 throwing nets (quivered)
Armour
 a - a +0 robe (worn)
 f - a +1 cloak (worn)
 g - a +2 pair of boots (worn)
 q - a +3 leather armour of poison resistance
Jewellery
 l - a +6 ring of strength (left hand)
Wands
 m - a wand of acid (7)
 p - a wand of paralysis (4)
 s - a wand of flame (14)
Scrolls
 e - 4 scrolls of identify
 h - 3 scrolls of torment
 o - a scroll of teleportation
 r - a scroll of enchant weapon
 x - a scroll of blinking
Potions
 b - 2 potions of ambrosia
 c - a potion of magic
 d - 2 potions of flight
 i - 2 potions of heal wounds
 j - 5 potions of curing
 k - 4 potions of might
 n - a potion of attraction
 v - 2 potions of brilliance


   Skills:
 - Level 3.0 Fighting
 + Level 3.4 Staves
 - Level 3.0 Dodging
 - Level 2.0 Stealth
 - Level 3.3 Unarmed Combat
 + Level 5.3 Spellcasting
 * Level 3.0 Conjurations
 + Level 1.6 Fire Magic
 + Level 2.4 Ice Magic
 + Level 0.1 Invocations
 + Level 3.5 Evocations


You had 4 spell levels left.
You knew the following spells:

 Your Spells              Type           Power      Damage    Failure   Level
a - Freeze                Ice            40%        1d6       6%          1
b - Frozen Ramparts       Ice            20%        1d4       19%         3
c - Hailstorm             Conj/Ice       11%        3d5       50%         4
d - Fireball              Conj/Fire      5%         3d5       87%         5

Your spell library contained the following spells:

 Spells                   Type           Power      Damage    Failure   Level
 Beastly Appendage        Tmut           6%         N/A       17%         1
 Wereblood                Tmut           3%         N/A       26%         2
 Spider Form              Tmut/Pois      3%         N/A       45%         3
 Iskenderun's Battlesphe  Conj           12%        2d7       80%         5
 Conjure Ball Lightning   Conj/Air       3%         3x3d6     100%        6
 Orb of Destruction       Conj           6%         9d6       100%        7


Dungeon Overview and Level Annotations

Branches:
Dungeon (5/15)             Temple (1/1) D:5           Sewer (visited)

Altars:
Cheibriados
Dithmenos
Fedhas
Gozag
Hepliaklqana
Nemelex Xobeh
Okawaru
Ru
Sif Muna
Trog
Vehumet
Wu Jian
Zin

Shops:
D:1 (

Annotations:
D:5 Pikel


Message History

Casting: Frozen Ramparts (dangerous; 19% risk of failure)
Confirm with . or Enter, or press ? or * to list all spells.
Casting: Frozen Ramparts (dangerous; 19% risk of failure)
Press: ? - help, Dir - look around, f - activate The walls around you are covered in ice.
The wall freezes Pikel.
Pikel hits you with a +1 whip of electrocution.
You sock Pikel!
Pikel is moderately wounded.
The wall freezes Pikel.
Pikel hits you with a +1 whip of electrocution.
The wall freezes the lemure. x2
You hit Pikel but do no damage.
Pikel is moderately wounded.
The wall freezes Pikel.
Pikel hits you but does no damage.
The wall freezes the lemure.
The lemure misses you.
The wall freezes the lemure.
The wall freezes Pikel.
Pikel hits you with a +1 whip of electrocution!
The wall freezes the lemure.
The lemure hits you.
The wall freezes the lemure.
You completely miss Pikel.
Pikel is heavily wounded.
The wall freezes Pikel.
Pikel hits you with a +1 whip of electrocution!
The wall freezes the lemure.
The lemure misses you.
The wall freezes the lemure. x2
You hit Pikel.
Pikel is heavily wounded.
The wall freezes Pikel.
Pikel zaps a wand.
The bolt of acid hits you!!
* * * LOW HITPOINT WARNING * * *
The acid corrodes you!
The wall freezes the lemure.
The lemure barely misses you.
The wall freezes the lemure. x2
Unknown command.
You feel much better.
The frozen ramparts melt away.
Pikel hits you with a +1 whip of electrocution.
The lemure closely misses you.
You hit Pikel.
Pikel is severely wounded.
Pikel zaps a wand.
The bolt of acid hits you!!
Ouch! That really hurt!
You die...

....#.####>.................
....##...#......###.......>.
.......#..........#........
.....#####....<.........# ..
....## ###.............#...
....#####.#....##...........
.#...##........#####....#..#
.#...##.......55###....##
.#....#.......5K@....###
.............#5##....#
...##.###...##.###...###
.o.#### #....#.........##
.....# ##5.....####.....#
#...####5........###...##
.>o..........#....#.....##
.............##.....)....#
..............##....)#..##


You could see Pikel and 4 lemures.

Vanquished Creatures
  A black bear (D:5)
  2 ogres (D:5)
  A phantom (D:3)
  A necrophage (D:4)
  3 scorpions
  A howler monkey (D:3)
  A hound (D:5)
  A jelly (D:5)
  2 orc priests
  2 centaur skeletons (D:3)
  An iguana (D:5)
  A hell rat (Sewer)
  A gnoll (D:1)
  3 adders
  A howler monkey skeleton (D:3)
  3 river rats (Sewer)
  A white imp (D:5)
  An adder zombie (D:3)
  An adder skeleton (D:3)
  4 worms
  A dart slug (D:1)
  26 orcs
  7 endoplasms
  A giant cockroach (D:4)
  4 goblins
  5 hobgoblins
  7 jackals
  10 kobolds
  4 quokkas
  2 ball pythons (D:3)
  6 bats
  2 frilled lizards
  A giant cockroach zombie (D:3)
  A jackal skeleton (D:3)
  A quokka zombie (D:3)
  9 rats
119 creatures vanquished.

Vanquished Creatures (collateral kills)
  Ijyb (D:4)
  A dart slug (D:4)
2 creatures vanquished.

Grand Total: 121 creatures vanquished

Notes
Turn   | Place    | Note
-------+----------+-------------------------------------------
     0 | D:1      | oldark the Human Monk began the quest for the Orb.
     0 | D:1      | Reached XP level 1. HP: 18/18 MP: 1/1
    28 | D:1      | Found Ilath's Weapon Emporium.
   517 | D:1      | Reached skill level 1 in Spellcasting
   517 | D:1      | Reached XP level 2. HP: 24/24 MP: 3/3
  1063 | D:1      | Reached skill level 2 in Spellcasting
  1069 | D:1      | Reached XP level 3. HP: 24/29 MP: 4/6
  1558 | D:2      | Reached XP level 4. HP: 34/35 MP: 8/8
  1792 | D:2      | Reached skill level 3 in Spellcasting
  2272 | D:1      | Bought a +0 quarterstaff for 44 gold pieces
  2377 | D:3      | Reached XP level 5. HP: 41/41 MP: 9/9
  2378 | D:3      | Found a glowing drain.
  2393 | Sewer    | Entered a sewer
  2411 | Sewer    | Reached skill level 1 in Evocations
  2713 | Sewer    | Reached skill level 1 in Staves
  2874 | Sewer    | Identified the +3 flail of the Equator {vamp, rElec Str-3
                  | Int+9}
  3035 | D:3      | Found a faded altar of an unknown god.
  3083 | D:3      | Reached XP level 6. HP: 45/47 MP: 11/11
  3277 | D:3      | Reached skill level 4 in Spellcasting
  3490 | D:3      | Found a sparkling altar of Nemelex Xobeh.
  3595 | D:3      | Found a blossoming altar of Fedhas.
  3755 | D:4      | Noticed Ijyb
  3765 | D:3      | Reached XP level 7. HP: 48/52 MP: 12/14
  3985 | D:4      | Killed Ijyb
  4073 | D:4      | Learned a level 1 spell: Freeze
  4077 | D:4      | Learned a level 3 spell: Frozen Ramparts
  4082 | D:4      | Learned a level 4 spell: Hailstorm
  4114 | D:4      | Found a radiant altar of Vehumet.
  4219 | D:4      | Found an opulent altar of Gozag.
  4353 | D:4      | Reached skill level 5 in Spellcasting
  4353 | D:4      | Reached skill level 1 in Ice Magic
  4530 | D:4      | Reached skill level 1 in Conjurations
  4728 | D:4      | Learned a level 5 spell: Fireball
  4796 | D:4      | Found a shadowy altar of Dithmenos.
  4934 | D:5      | Entered Level 5 of the Dungeon
  4971 | D:5      | Reached XP level 8. HP: 20/58 MP: 12/15
  5382 | D:5      | Reached skill level 1 in Fire Magic
  5409 | D:5      | HP: 1/58 [ogre/+0 giant spiked club (28)]
  5853 | D:5      | Found a staircase to the Ecumenical Temple.
  5853 | D:5      | Identified the +3 hand axe "Varigek" {drain, rF- rC+ rN+
                  | Stlth+}
  5859 | Temple   | Entered the Ecumenical Temple
  5887 | Temple   | Became a worshipper of Sif Muna the Loreminder
  5887 | Temple   | Reached * piety under Sif Muna
  5887 | Temple   | Reached ** piety under Sif Muna
  6099 | D:5      | Noticed Pikel
  6219 | D:5      | Killed from afar by Pikel

Illustrated notes

Levels and vault maps discovered:
D:1:      psy_arrival_basics, layout_basic, serial_shops,
          nicolae_shop_competitors_out_of_business, chequers_serial_rivers_marsh
D:2:      layout_rooms
D:3:      layout_loops_ring, amcnicky_altar_gilded, general_overflow_altar,
          cheibrodos_sewer_entry_sluice, serial_undead, serial_undead_a,
          serial_undead_c, serial_undead_d, serial_undead_a,
          dreamdust_ecumenical_altar_statues, serial_bayou_crossing
D:4:      layout_rooms, lemuel_coloured_pillars_altar,
          mainiacjoe_overflow_large_starburst, serial_curves, eino_curves_02,
          eino_curves_03, corner_web_ring, uniq_ijyb
D:5:      layout_cave_pools, minmay_temple_entry_sparse_star, uniq_pikel
Temple:   cyrus_temple_forest

Skill      XL: |  1  2  3  4  5  6  7  8 |
---------------+-------------------------+-----
Spellcasting   | 1 2 3 4 5 |  5.3
Evocations     | 1 2 3 |  3.5
Staves         | 1 2 3 |  3.4
Ice Magic      | 1 2 |  2.4
Conjurations   | 1 3 |  3.0
Fire Magic     | 1 |  1.6
Fighting       | |  3.0
Dodging        | |  3.0
Stealth        | |  2.0
Unarmed Combat | |  3.3
Invocations    | |  0.1

Action                   |  1- 3 |  4- 6 |  7- 9 || total
-------------------------+-------+-------+-------++-------
Melee: Unarmed           |   113 |    78 |       ||   191
       Punch             |     4 |       |       ||     4
       Quarterstaff      |       |   145 |   146 ||   291
 Cast: Freeze            |       |       |    21 ||    21
       Frozen Ramparts   |       |       |     3 ||     3
Evoke: Wand              |       |     1 |     5 ||     6
  Use: Potion            |     1 |       |    12 ||    13
       Scroll            |       |       |    11 ||    11
 Stab: Sleeping          |     2 |     6 |     2 ||    10
       Paralysed         |       |       |     3 ||     3
Armor: Robe              |    25 |    74 |    53 ||   152
Dodge: Dodged            |    55 |   133 |   123 ||   311

Table legend: (Time is in decaauts)
 A = Elapsed time spent in this place.
 B = Non-inter-level travel time spent in this place.
 C = Inter-level travel time spent in this place.
 D = Time resting spent in this place.
 E = Time spent auto-exploring this place.
 F = Levels seen in this place.
 G = Mean time per level.
                   A        B        C        D        E       F      G
               +--------+--------+--------+--------+--------+-----+--------+
         Total |   6300 |   6032 |    268 |   1849 |   2745 |   7 |  900.0 |
       Dungeon |   5701 |   5464 |    237 |   1498 |   2676 |   5 | 1140.2 |
        Temple |     70 |     39 |     31 |      0 |     25 |   1 |   70.0 |
         Sewer |    527 |    527 |      0 |    351 |     44 |   1 |  527.0 |
               +--------+--------+--------+--------+--------+-----+--------+

Top non-repeatable levels by time:
     D:1: 1547 daAuts
     D:3: 1231 daAuts
     D:5: 1211 daAuts
     D:4: 1019 daAuts
     D:2: 692 daAuts
   Sewer: 527 daAuts
  Temple: 70 daAuts
